 Dungeon Crawl Stone Soup version 0.18-a0-1120-g03bd624 (webtiles) character file.

97 gorblad the Sneak (level 4, 0/40 HPs)
             Began as a Ghoul Monk on Jan 17, 2016.
             Slain by a gnoll
             ... wielding a +0 spear
              (2 damage)
             ... on level 3 of the Dungeon.
             The game lasted 00:04:30 (2157 turns).

gorblad the Sneak (Ghoul Monk)                      Turns: 2157, Time: 00:04:31

Health: 0/40       AC:  2    Str: 20    XL:     4   Next: 68%
Magic:  3/3        EV: 12    Int:  5    God:
Gold:   24         SH:  0    Dex: 11    Spells: 0 memorised, 3 levels left

rFire  . . .     SeeInvis .       - Unarmed
rCold  + . .     Gourm    .     a - +0 robe
rNeg   + + +     Faith    .     (no shield)
rPois  ∞         Spirit   .     (no helmet)
rElec  .         Dismiss  .     (no cloak)
rCorr  .         Reflect  .     (no gloves)
SustAt .         Harm     .     (no boots)
MR     .....     Rnd*Tele +     g - amulet of regeneration
Stlth  +++.......               d - ring of teleportation (curse)
                                c - +5 ring of strength

@: rotting, not resistant to hostile enchantments, fairly stealthy
A: rotting body, claws 1, carnivore 3, cold resistance 1, negative energy
resistance 3, slow regeneration 1, torment resistance, unbreathing
a: no special abilities


You were on level 3 of the Dungeon.
You were not hungry.

You visited 1 branch of the dungeon, and saw 3 of its levels.

You collected 24 gold pieces.

Inventory:

Armour
 a - a +0 robe (worn)
Jewellery
 c - a +5 ring of strength (left claw)
 d - a cursed ring of teleportation (right claw)
 g - an amulet of regeneration (around neck)
Potions
 e - 3 potions of curing
Comestibles
 b - 3 meat rations
 h - 2 chunks of flesh


   Skills:
 + Level 4.0 Fighting
 - Level 2.6 Dodging
 - Level 5.0 Stealth
 - Level 4.3 Unarmed Combat


You had 3 spell levels left.
You didn't know any spells.

Dungeon Overview and Level Annotations

Branches:
Dungeon (3/15)

Altars:


Innate Abilities, Weirdness & Mutations

Your body is rotting away.
You thrive on raw meat.
You are immune to poison.
You have sharp fingernails.
You are carnivorous and can eat meat at any time.
Your flesh is cold resistant.
You are immune to negative energy.
You regenerate slowly when monsters are visible.
You are immune to unholy pain and torment.
You can survive without breathing.


Message History

You closely miss the jackal.
The jackal is severely wounded.
The bat hits you but does no damage. The jackal barely misses you.
The jackal closely misses you.
The gnoll hits you from afar with a spear.
The rat closely misses you.
The gnoll hits you from afar with a spear!
* * * LOW HITPOINT WARNING * * *
A worm comes into view.
You claw the bat!
You kill the bat!
The jackal barely misses you. The jackal bites you.
* * * LOW HITPOINT WARNING * * *
The gnoll hits you from afar with a spear.
* * * LOW HITPOINT WARNING * * *
The jackal bites you.
* * * LOW HITPOINT WARNING * * *
The jackal closely misses you. The rat bites you but does no damage.
The gnoll hits you from afar with a spear.
You die...

#########
########..%.....
#....$.#........
#.[....#....!..w
#......#........
#......#.h......
#.......@hg.....
###......#.rg.....
#................. #####
#.#............... ....#
#.#.....(.........
###.###.#......#!......$
.<#.....#......#........
################........


You could see a worm, 2 gnolls, 2 jackals and a rat.

Vanquished Creatures
  A gnoll (D:3)
  3 adders (D:2)
  2 oozes (D:1)
  A worm (D:2)
  6 giant cockroaches
  8 goblins
  A hobgoblin (D:1)
  4 jackals (D:1)
  A quokka (D:2)
  8 bats
  3 giant newts
  4 kobolds
  7 rats
49 creatures vanquished.

Notes
Turn   | Place    | Note
--------------------------------------------------------------
     0 | D:1      | gorblad the Ghoul Monk began the quest for the Orb.
     0 | D:1      | Reached XP level 1. HP: 19/19 MP: 0/0
   181 | D:1      | Reached XP level 2. HP: 26/26 MP: 1/1
   398 | D:1      | Reached XP level 3. HP: 17/31 MP: 2/2
  1373 | D:2      | Reached XP level 4. HP: 26/38 MP: 3/3
  1526 | D:2      | Reached skill level 5 in Stealth
  2157 | D:3      | HP: 2/40 [jackal (1)]
  2157 | D:3      | Slain by a gnoll

Vault maps used:
D:1:      dpeg_arrival_long_road
D:3:      lemuel_round_altar, first_bread, uniq_terence

Action                   |  1- 3 |  4- 6 || total
-------------------------+-------+-------++-------
Melee: Unarmed           |    95 |    70 ||   165
  Use: Scroll            |     2 |     1 ||     3
 Stab: Sleeping          |     5 |     5 ||    10
  Eat: Chunk             |     2 |     2 ||     4
